 Dungeon Crawl Stone Soup version 0.28-b1-25-g9875b3fc8c (webtiles) character file.

Game seed: 8391396733484888805

245 funkygono the Firebug (level 6, -11/32 HPs)
             Began as a Gargoyle Fire Elementalist on Feb 7, 2022.
             Mangled by an ogre (21 damage)
             ... on level 3 of the Dungeon.
             The game lasted 00:04:40 (3408 turns).

funkygono the Firebug (Gargoyle Fire Elementalist)  Turns: 3408, Time: 00:04:41

Health: -11/32     AC:  7    Str: 12    XL:     6   Next: 10%
Magic:  6/11       EV: 12    Int: 21    God:
Gold:   101        SH:  0    Dex: 10    Spells: 1/12 levels left

rFire   . . .      SeeInvis +   g - +0 whip
rCold   . . .      Faith    .   (no shield)
rNeg    + . .      Spirit   .   a - +0 robe
rPois   ∞          Reflect  .   (no helmet)
rElec   +          Harm     .   b - +0 cloak
rCorr   .          Rampage  .   (no gloves)
Will    .....                   (no boots)
Stlth   ++........              (no amulet)
HPRegen 0.10/turn               f - ring "Rofeirph" {Int+4 SInv}
MPRegen 0.12/turn               (no ring)

@: no status effects
A: sickness immunity, AC +4, negative energy resistance 1, electricity
resistance, torment resistance 1, petrification resistance
a: no special abilities


You were on level 3 of the Dungeon.
You visited 1 branch of the dungeon, and saw 3 of its levels.

You collected 101 gold pieces.

Inventory:

Hand Weapons
 g - a +0 whip (weapon)
Missiles
 c - 39 stones
Armour
 a - a +0 robe (worn)
 b - a +0 cloak (worn)
Jewellery
 f - the ring "Rofeirph" (left hand) {Int+4 SInv}
   (You found it on level 2 of the Dungeon)

   [ring of see invisible]

   Int:       It affects your intelligence (+4).
   SInv:      It lets you see invisible.
Scrolls
 d - 2 scrolls of identify
Potions
 h - 2 potions of lignification


   Skills:
 + Level 1.7 Dodging
 - Level 2.1 Stealth
 * Level 3.5 Spellcasting
 * Level 2.7 Conjurations
 * Level 5.1 Fire Magic


You had one spell level left.
You knew the following spells:

 Your Spells              Type           Power      Damage    Failure   Level
a - Foxfire               Conj/Fire      80%        2x1d8     2%          1
b - Scorch                Fire           50%        2d8       2%          2
c - Conjure Flame         Conj/Fire      20%        6-21      8%          3
d - Flame Wave            Conj/Fire      20%        2d7       26%         4
e - Sandblast             Erth           6%         2d5       13%         1

Your spell library contained the following spells:

 Spells                   Type           Power      Damage    Failure   Level
 Inner Flame              Hex/Fire       14%        N/A       13%         3
 Passwall                 Tmut/Erth      2%         N/A       19%         2
 Stone Arrow              Conj/Erth      18%        3d8       22%         3


Dungeon Overview and Level Annotations

Branches:
Dungeon (3/15)

Altars:


Innate Abilities, Weirdness & Mutations

You are immune to sickness and miasma.
Your stone body is resilient. (AC +4)
You are immune to poison.
You resist negative energy. (rN+)
You are resistant to electric shocks. (rElec)
You are resistant to unholy torment.
You are immune to petrification.


Message History

You pick up a book of Geomancy and begin reading...
You add the spells Sandblast, Passwall and Stone Arrow to your library.
Found a stone staircase leading down.
Memorise Sandblast, consuming 1 spell level and leaving 1?
You start memorising the spell.
You continue memorising.
You finish memorising.
Spell assigned to 'e'.
A rat comes into view.
Casting: Scorch (safe; 2% risk of failure)
Confirm with . or Enter, or press ? or * to list all spells.
You conjure some foxfire!
Casting: Foxfire (safe; 2% risk of failure)
Confirm with . or Enter, or press ? or * to list all spells.
You conjure some foxfire!
The foxfire hits the rat.
You kill the rat!
Your foxfire dissipates!
Your foxfire dissipates!
Your foxfire dissipates!
Magic restored.
A quokka and an ogre come into view.
Found a scroll labelled GAFURI ESIAHE.
The ogre shouts!
Casting: Foxfire (safe; 2% risk of failure)
Confirm with . or Enter, or press ? or * to list all spells.
You conjure some foxfire!
The quokka twitches its whiskers.
Casting: Foxfire (safe; 2% risk of failure)
Confirm with . or Enter, or press ? or * to list all spells.
Flames lash the ogre.
The ogre is moderately wounded.
The ogre's fire resistance burns away.
The foxfire hits the ogre.
The ogre is moderately wounded.
The ogre hits you with a +0 giant club!!
Ouch! That really hurt!
Casting: Scorch (safe; 2% risk of failure)
Confirm with . or Enter, or press ? or * to list all spells.
Flames lash the ogre.
The ogre is burned terribly!
The ogre is almost dead.
The ogre hits you with a +0 giant club!!
Ouch! That really hurt!
You die...

#........ ##.#########
.....>......
##.#..#############.#
......# #...........#
##.#..###.###.#.######
##.#...##.#
#.#......##
##.#...##.#
#..§v§....#
##.#....#.#
####@.##..#
##.#......#....O..# .#
# ##...###.#.r!..# #
##..# ........ #...
#...###### #.#.##...
#...##.. ##..##?. .#


You could see an ogre (combustible, ally target) and a quokka.

Vanquished Creatures
  3 orc priests (D:3)
  2 orc wizards (D:3)
  An adder (D:2)
  3 worms (D:2)
  2 dart slugs (D:1)
  5 orcs
  8 ball pythons
  A bat skeleton (D:2)
  8 endoplasms
  7 giant cockroaches
  3 goblins
  5 hobgoblins
  4 jackals (D:1)
  A quokka (D:2)
  9 bats
  A frilled lizard (D:1)
  6 kobolds
  9 rats
78 creatures vanquished.

Vanquished Creatures (others)
  169 foxfires
169 creatures vanquished.

Grand Total: 247 creatures vanquished

Notes
Turn   | Place    | Note
-------+----------+-------------------------------------------
     0 | D:1      | funkygono the Gargoyle Fire Elementalist began the quest
                  | for the Orb.
     0 | D:1      | Reached XP level 1. HP: 10/10 MP: 3/3
   308 | D:1      | Reached XP level 2. HP: 15/15 MP: 3/5
   484 | D:1      | Learned a level 2 spell: Scorch
   610 | D:1      | Reached XP level 3. HP: 19/19 MP: 1/6
   614 | D:1      | Learned a level 3 spell: Conjure Flame
  1245 | D:2      | Identified the ring "Rofeirph" {Int+4 SInv}
  1312 | D:2      | Reached skill level 4 in Fire Magic
  1700 | D:2      | Reached XP level 4. HP: 24/24 MP: 3/7
  2729 | D:3      | Reached XP level 5. HP: 28/28 MP: 0/9
  2809 | D:2      | Learned a level 4 spell: Flame Wave
  3312 | D:3      | Reached skill level 5 in Fire Magic
  3312 | D:3      | Reached XP level 6. HP: 32/32 MP: 6/11
  3363 | D:3      | Learned a level 1 spell: Sandblast
  3408 | D:3      | Mangled by an ogre

Illustrated notes

Levels and vault maps discovered:
D:1:      matt_arrival_spirals, layout_basic
D:2:      minmay_recursive_quarters, layout_basic, minmay_heptomino_o4
D:3:      layout_basic, nicolae_overflow_hallway_of_the_gods,
          uniq_crazy_yiuf_cottage

Skill      XL: |  1  2  3  4  5 |
---------------+----------------+-----
Fire Magic     | 4 5 |  5.1
Spellcasting   | 3 |  3.5
Conjurations   | 2 |  2.7
Dodging        | |  1.7
Stealth        | |  2.1

Action                   |  1- 3 |  4- 6 || total
-------------------------+-------+-------++-------
Melee: Club              |     3 |       ||     3
       Whip              |       |    25 ||    25
 Cast: Foxfire           |    57 |    45 ||   102
       Scorch            |     7 |    19 ||    26
  Use: Scroll            |       |     2 ||     2
Armor: Robe              |    14 |     9 ||    23
Dodge: Dodged            |    16 |    14 ||    30
